TOP OF THE 1ST |
Hillsboro Hops batting - Pitching for Los Angeles (NYP) Dodgers : RHP Dave Bible
|
Pitching: RHP Dave Bible
|
|
Batting: RHB Yasuo Nakata
|
0-0: Fly out, F4 (Popup, 34S, EV 81.9 MPH)
|
Batting: RHB Edgar Garcia
|
0-0: Ball 1-0: Called Strike 1-1: Foul Ball, location: 2F 1-2: Foul Ball, location: 2F 1-2: Ball 2-2: Foul Ball, location: 2F 2-2: Foul Ball, location: 2F 2-2: Ball 3-2: Ground out U3 (Groundball, 34S, EV 62.5 MPH)
|
Batting: LHB Soo-yeon Kym
|
0-0: Called Strike 0-1: Ball 1-1: Ball 2-1: Swinging Strike 2-2: Ball 3-2: Foul Ball, location: 2F 3-2: Foul Ball, location: 2F 3-2: Base on Balls
|
Batting: RHB Larry Hardman
|
0-0: Ball 1-0: Foul Ball, location: 2F 1-1: Foul Ball, location: 2F 1-2: Foul Ball, location: 2F 1-2: Strikes out swinging
|
Top of the 1st over - 0 runs, 0 hits, 0 errors, 1 left on base; Hillsboro 0 - Los Angeles (NYP) 0 |
BOTTOM OF THE 1ST |
Los Angeles (NYP) Dodgers batting - Pitching for Hillsboro Hops : RHP Josh Klarich
|
Pitching: RHP Josh Klarich
|
|
Batting: RHB Mario Mejia
|
0-0: Called Strike 0-1: Ball 1-1: Called Strike 1-2: Ball 2-2: Ball 3-2: Foul Ball, location: 2F 3-2: Strikes out swinging
|
Batting: RHB Leo Cuellar
|
0-0: Ball 1-0: Foul Ball, location: 2F 1-1: Swinging Strike 1-2: Strikes out swinging
|
Batting: LHB Kippy McGrath
|
0-0: Called Strike 0-1: Ball 1-1: Swinging Strike 1-2: Foul Ball, location: 2F 1-2: Strikes out swinging
|
Bottom of the 1st over - 0 runs, 0 hits, 0 errors, 0 left on base; Hillsboro 0 - Los Angeles (NYP) 0 |
TOP OF THE 2ND |
Hillsboro Hops batting - Pitching for Los Angeles (NYP) Dodgers : RHP Dave Bible
|
Batting: RHB Jeremy Coffey
|
0-0: Foul Ball, location: 2F 0-1: Foul Ball, location: 2F 0-2: Ball 1-2: Foul Ball, location: 2F 1-2: Strikes out swinging
|
Batting: RHB Chris Bittner
|
0-0: Ball 1-0: Swinging Strike 1-1: Ball 2-1: Foul Ball, location: 2F 2-2: Strikes out swinging
|
Batting: RHB Brandon Joshua
|
0-0: Ball 1-0: Ground out 6-3 (Groundball, 6, EV 106.2 MPH)
|
Top of the 2nd over - 0 runs, 0 hits, 0 errors, 0 left on base; Hillsboro 0 - Los Angeles (NYP) 0 |
BOTTOM OF THE 2ND |
Los Angeles (NYP) Dodgers batting - Pitching for Hillsboro Hops : RHP Josh Klarich
|
Batting: RHB Eddie Perry
|
0-0: Called Strike 0-1: Foul Ball, location: 2F 0-2: Ball 1-2: Ball 2-2: Strikes out swinging
|
Batting: SHB Chris Ackerson
|
0-0: Swinging Strike 0-1: Swinging Strike 0-2: Strikes out swinging
|
Batting: LHB Bobby Gambrell
|
0-0: Ball 1-0: Called Strike 1-1: Ball 2-1: Ground out 4-3 (Groundball, 4, EV 83.8 MPH)
|
Bottom of the 2nd over - 0 runs, 0 hits, 0 errors, 0 left on base; Hillsboro 0 - Los Angeles (NYP) 0 |
TOP OF THE 3RD |
Hillsboro Hops batting - Pitching for Los Angeles (NYP) Dodgers : RHP Dave Bible
|
Batting: RHB Jeremy Adams
|
0-0: Called Strike 0-1: Ground out 5-3 (Groundball, 56, EV 91.9 MPH)
|
Batting: RHB Trevor Corey
|
0-0: Called Strike 0-1: Ground out 3-1 (Groundball, 34, EV 101.9 MPH)
|
Pitching: LHP Gavin White
|
|
Batting: RHB Yasuo Nakata
|
0-0: Called Strike 0-1: Ball 1-1: Called Strike 1-2: Ground out 6-3 (Groundball, 6, EV 88.1 MPH)
|
Top of the 3rd over - 0 runs, 0 hits, 0 errors, 0 left on base; Hillsboro 0 - Los Angeles (NYP) 0 |
BOTTOM OF THE 3RD |
Los Angeles (NYP) Dodgers batting - Pitching for Hillsboro Hops : RHP Josh Klarich
|
Batting: LHB Fernando Amaya
|
0-0: Called Strike 0-1: Ball 1-1: Reached on error, E3 (Groundball, 3L, EV 80.6 MPH)
|
Batting: RHB Jonathan Quijada
|
0-0: Called Strike 0-1: Swinging Strike 0-2: Foul Ball, location: 2F 0-2: Fly out, F8 (Line Drive, 8LM, EV 96.2 MPH)
|
Batting: RHB Pat Mage
|
0-0: Hit by Pitch Fernando Amaya to second
|
Batting: RHB Mario Mejia
|
0-0: Ball 1-0: Ball 2-0: Called Strike 2-1: Foul Ball, location: 2F 2-2: Foul Ball, location: 2F 2-2: Strikes out looking
|
Batting: RHB Leo Cuellar
|
0-0: Ball 1-0: Called Strike 1-1: Ball 2-1: SINGLE (Groundball, 4M, EV 86.2 MPH) (infield hit) Fernando Amaya to third Pat Mage to second
|
Batting: LHB Kippy McGrath
|
0-0: Ball 1-0: Foul Ball, location: 2F 1-1: Ball 2-1: Ball 3-1: Base on Balls Fernando Amaya scores Pat Mage to third Leo Cuellar to second
|
Batting: RHB Eddie Perry
|
0-0: Called Strike 0-1: Foul Ball, location: 2F 0-2: Fly out, F8 (Flyball, 8RM, EV 95.6 MPH)
|
Bottom of the 3rd over - 1 run, 1 hit, 1 error, 3 left on base; Hillsboro 0 - Los Angeles (NYP) 1 |
TOP OF THE 4TH |
Hillsboro Hops batting - Pitching for Los Angeles (NYP) Dodgers : LHP Gavin White
|
Batting: RHB Edgar Garcia
|
0-0: Ball 1-0: Ball 2-0: Ball 3-0: Base on Balls
|
Batting: LHB Soo-yeon Kym
|
0-0: Called Strike 0-1: Called Strike Edgar Garcia steals 2nd, throwing error, E2 Edgar Garcia to third 0-2: Strikes out swinging
|
Batting: RHB Larry Hardman
|
0-0: Ball Wild Pitch! Edgar Garcia scores 1-0: Called Strike 1-1: Ball 2-1: SINGLE (Line Drive, 9S, EV 88.8 MPH)
|
Batting: RHB Jeremy Coffey
|
0-0: Called Strike Larry Hardman steals 2nd base 0-1: Foul Ball, location: 2F 0-2: Ball 1-2: Ball 2-2: Ball 3-2: Strikes out looking
|
Batting: RHB Chris Bittner
|
0-0: Ball Wild Pitch! Larry Hardman to third 1-0: Foul Ball, location: 2F 1-1: Ball 2-1: Called Strike 2-2: Ball Wild Pitch! Larry Hardman scores 3-2: Base on Balls
|
Batting: RHB Brandon Joshua
|
0-0: Ball Wild Pitch! Chris Bittner to second 1-0: Called Strike 1-1: Ball Wild Pitch! Chris Bittner to third 2-1: Foul Ball, location: 2F 2-2: Strikes out swinging
|
Top of the 4th over - 2 runs, 1 hit, 1 error, 1 left on base; Hillsboro 2 - Los Angeles (NYP) 1 |
BOTTOM OF THE 4TH |
Los Angeles (NYP) Dodgers batting - Pitching for Hillsboro Hops : RHP Josh Klarich
|
Batting: SHB Chris Ackerson
|
0-0: Called Strike 0-1: Called Strike 0-2: Ball 1-2: Ball 2-2: Ball 3-2: Base on Balls
|
Batting: LHB Bobby Gambrell
|
0-0: Called Strike 0-1: Ball 1-1: Ball 2-1: Ball 3-1: Fly out, F8 (Flyball, 78M, EV 84.4 MPH)
|
Batting: LHB Fernando Amaya
|
0-0: Called Strike 0-1: Foul Ball, location: 2F 0-2: Strikes out looking
|
Batting: RHB Jonathan Quijada
|
0-0: Ball Chris Ackerson steals 2nd base 1-0: Called Strike 1-1: Ball 2-1: Foul Ball, location: 2F 2-2: Ball 3-2: Ground out 5-3 (Groundball, 5, EV 104.4 MPH)
|
Bottom of the 4th over - 0 runs, 0 hits, 0 errors, 1 left on base; Hillsboro 2 - Los Angeles (NYP) 1 |
TOP OF THE 5TH |
Hillsboro Hops batting - Pitching for Los Angeles (NYP) Dodgers : LHP Gavin White
|
Batting: RHB Jeremy Adams
|
0-0: Ball 1-0: Called Strike 1-1: Called Strike 1-2: Foul Ball, location: 2F 1-2: Ball 2-2: Strikes out looking
|
Batting: RHB Trevor Corey
|
0-0: Ball 1-0: Ball 2-0: Called Strike 2-1: Ball 3-1: Called Strike 3-2: Strikes out swinging
|
Batting: RHB Yasuo Nakata
|
0-0: Ball 1-0: Fly out, F8 (Flyball, 8RS, EV 86.2 MPH)
|
Top of the 5th over - 0 runs, 0 hits, 0 errors, 0 left on base; Hillsboro 2 - Los Angeles (NYP) 1 |
BOTTOM OF THE 5TH |
Los Angeles (NYP) Dodgers batting - Pitching for Hillsboro Hops : RHP Josh Klarich
|
Batting: RHB Pat Mage
|
0-0: Called Strike 0-1: Ball 1-1: Foul Ball, location: 2F 1-2: Foul Ball, location: 2F 1-2: Strikes out looking
|
Batting: RHB Mario Mejia
|
0-0: Ball 1-0: Ball 2-0: Called Strike 2-1: Fly out, F7 (Flyball, 7S, EV 86.9 MPH)
|
Batting: RHB Leo Cuellar
|
0-0: Called Strike 0-1: Called Strike 0-2: Foul Ball, location: 2F 0-2: Ball 1-2: Strikes out looking
|
Bottom of the 5th over - 0 runs, 0 hits, 0 errors, 0 left on base; Hillsboro 2 - Los Angeles (NYP) 1 |
TOP OF THE 6TH |
Hillsboro Hops batting - Pitching for Los Angeles (NYP) Dodgers : LHP Gavin White
|
Pitching: RHP Lee Durbin
|
|
Batting: RHB Edgar Garcia
|
0-0: Ground out 6-3 (Groundball, 56, EV 80.6 MPH)
|
Batting: LHB Soo-yeon Kym
|
0-0: Foul Ball, location: 2F 0-1: Swinging Strike 0-2: Ball 1-2: Ball 2-2: Strikes out swinging
|
Batting: RHB Larry Hardman
|
0-0: Ball 1-0: SINGLE (Groundball, 6M, EV 93.1 MPH) (infield hit)
|
Batting: RHB Jeremy Coffey
|
0-0: Ball 1-0: Called Strike Larry Hardman steals 2nd, throwing error, E2 Larry Hardman to third 1-1: Ground out 5-3 (Groundball, 56, EV 101.2 MPH)
|
Top of the 6th over - 0 runs, 1 hit, 1 error, 1 left on base; Hillsboro 2 - Los Angeles (NYP) 1 |
BOTTOM OF THE 6TH |
Los Angeles (NYP) Dodgers batting - Pitching for Hillsboro Hops : RHP Josh Klarich
|
Batting: LHB Kippy McGrath
|
0-0: Called Strike 0-1: SINGLE (Groundball, 4MD, EV 97.5 MPH)
|
Pitching: RHP Shigezo Shoji
|
|
Batting: RHB Eddie Perry
|
0-0: Foul Ball, location: 2F 0-1: SINGLE (Groundball, 4MD, EV 95.0 MPH) Kippy McGrath to second Runner from 2nd tries for 3rd, SAFE, no throw by CF
|
Batting: SHB Chris Ackerson
|
0-0: Ball 1-0: Called Strike Eddie Perry steals 2nd base 1-1: Called Strike 1-2: Ball 2-2: Ground out 6-3 (Groundball, 6S, EV 83.1 MPH)
|
Pitching: RHP Takuji Mizoguchi
|
|
Batting: LHB Bobby Gambrell
|
0-0: Called Strike 0-1: Fly out, F7 (Flyball, 78D, EV 99.4 MPH) Runner from 3rd tags up, OUT at HOME! 7-2
|
Bottom of the 6th over - 0 runs, 2 hits, 0 errors, 1 left on base; Hillsboro 2 - Los Angeles (NYP) 1 |
TOP OF THE 7TH |
Hillsboro Hops batting - Pitching for Los Angeles (NYP) Dodgers : RHP Lee Durbin
|
Batting: RHB Chris Bittner
|
0-0: Ball 1-0: Called Strike 1-1: Ball 2-1: Ball 3-1: Swinging Strike 3-2: Ground out 6-3 (Groundball, 6S, EV 85.6 MPH)
|
Batting: RHB Brandon Joshua
|
0-0: Called Strike 0-1: Ground out 5-3 (Groundball, 56, EV 99.4 MPH)
|
Batting: RHB Jeremy Adams
|
0-0: Ball 1-0: Ground out 5-3 (Groundball, 56, EV 98.8 MPH)
|
Top of the 7th over - 0 runs, 0 hits, 0 errors, 0 left on base; Hillsboro 2 - Los Angeles (NYP) 1 |
BOTTOM OF THE 7TH |
Los Angeles (NYP) Dodgers batting - Pitching for Hillsboro Hops : RHP Takuji Mizoguchi
|
Batting: LHB Fernando Amaya
|
0-0: Ball 1-0: Called Strike 1-1: Called Strike 1-2: Foul Ball, location: 2F 1-2: Foul Ball, location: 2F 1-2: Strikes out swinging
|
Pinch Hitting: LHB Jim Schriver
|
0-0: Called Strike 0-1: Ball 1-1: Ball 2-1: Ball 3-1: Swinging Strike 3-2: Base on Balls
|
Pinch Hitting: LHB Stephen Van Raalte
|
0-0: Ball 1-0: Called Strike 1-1: Called Strike 1-2: Strikes out swinging
|
Batting: RHB Mario Mejia
|
0-0: Ball 1-0: Foul Ball, location: 2F 1-1: SINGLE (Groundball, P, EV 90.0 MPH) (infield hit) Jim Schriver to second
|
Batting: RHB Leo Cuellar
|
0-0: Swinging Strike 0-1: Called Strike 0-2: Strikes out swinging
|
Bottom of the 7th over - 0 runs, 1 hit, 0 errors, 2 left on base; Hillsboro 2 - Los Angeles (NYP) 1 |
TOP OF THE 8TH |
Hillsboro Hops batting - Pitching for Los Angeles (NYP) Dodgers : RHP Lee Durbin
|
Pitching: LHP Jake Hall
|
|
Now at 3B: Mario Mejia
|
|
Now at SS: Neal Jukic
|
|
Now in CF: Stephen Van Raalte
|
|
Batting: RHB Trevor Corey
|
0-0: Ball 1-0: Called Strike 1-1: Ball 2-1: Foul Ball, location: 2F 2-2: Foul Ball, location: 2F 2-2: Ball 3-2: SINGLE (Groundball, 6MD, EV 105.6 MPH)
|
Batting: RHB Yasuo Nakata
|
0-0: Ball Passed Ball! Trevor Corey to second 1-0: Swinging Strike 1-1: Foul Ball, location: 2F 1-2: Ground out 5-3 (Groundball, 56S, EV 68.1 MPH) Trevor Corey to third
|
Batting: RHB Edgar Garcia
|
0-0: Intentional Walk
|
Batting: LHB Soo-yeon Kym
|
0-0: Called Strike 0-1: Ball 1-1: Ball 2-1: Foul Ball, location: 2F 2-2: Foul Ball, location: 2F 2-2: Ball Edgar Garcia steals 2nd base 3-2: SINGLE (Groundball, 56D, EV 105.0 MPH) Trevor Corey scores Edgar Garcia to third
|
Batting: RHB Larry Hardman
|
0-0: Ball 1-0: Foul Ball, location: 2F 1-1: Ball 2-1: Ball 3-1: Grounds into double play, 6-4-3 (Groundball, 6, EV 99.4 MPH)
|
Top of the 8th over - 1 run, 2 hits, 0 errors, 1 left on base; Hillsboro 3 - Los Angeles (NYP) 1 |
BOTTOM OF THE 8TH |
Los Angeles (NYP) Dodgers batting - Pitching for Hillsboro Hops : RHP Takuji Mizoguchi
|
Pitching: LHP Brayden Conway
|
|
Now in LF: Andy Wilmoth
|
|
Now in RF: Jeremy Coffey
|
|
Batting: LHB Kippy McGrath
|
0-0: Fly out, F7 (Flyball, 7, EV 88.1 MPH)
|
Pitching: RHP Scott Dobrowolski
|
|
Batting: RHB Eddie Perry
|
0-0: Called Strike 0-1: Swinging Strike 0-2: Foul Ball, location: 2F 0-2: Ball 1-2: Ball 2-2: Strikes out looking
|
Pitching: RHP Manuel Maldonado
|
|
Batting: SHB Chris Ackerson
|
0-0: DOUBLE (Line Drive, 7LM, EV 106.9 MPH)
|
Batting: LHB Bobby Gambrell
|
0-0: Ball 1-0: Swinging Strike 1-1: Ball 2-1: Ball 3-1: Foul Ball, location: 2F 3-2: Strikes out swinging, 2-3 out at first.
|
Bottom of the 8th over - 0 runs, 1 hit, 0 errors, 1 left on base; Hillsboro 3 - Los Angeles (NYP) 1 |
TOP OF THE 9TH |
Hillsboro Hops batting - Pitching for Los Angeles (NYP) Dodgers : LHP Jake Hall
|
Pitching: RHP Craig Fallon
|
|
Batting: RHB Jeremy Coffey
|
0-0: Foul Ball, location: 2F 0-1: Ball 1-1: Swinging Strike 1-2: Fly out, F1 (Line Drive, P, EV 64.4 MPH)
|
Batting: LHB Andy Wilmoth
|
0-0: Ball 1-0: Ball 2-0: Called Strike 2-1: Ball 3-1: Called Strike 3-2: Base on Balls
|
Batting: RHB Brandon Joshua
|
0-0: Ball 1-0: Foul Ball, location: 2F 1-1: Fielders Choice at 2nd, 5-4 (Groundball, 56, EV 83.1 MPH)
|
Batting: RHB Jeremy Adams
|
0-0: Called Strike 0-1: Ball Wild Pitch! Brandon Joshua to second 1-1: Ball 2-1: Swinging Strike 2-2: Foul Ball, location: 2F 2-2: Ball 3-2: Base on Balls
|
Batting: RHB Trevor Corey
|
0-0: Ground out 4-3 (Groundball, 4, EV 86.2 MPH)
|
Top of the 9th over - 0 runs, 0 hits, 0 errors, 2 left on base; Hillsboro 3 - Los Angeles (NYP) 1 |
BOTTOM OF THE 9TH |
Los Angeles (NYP) Dodgers batting - Pitching for Hillsboro Hops : RHP Manuel Maldonado
|
Pitching: LHP Jon Davis
|
|
Batting: LHB Fernando Amaya
|
0-0: Called Strike 0-1: Called Strike 0-2: SINGLE (Groundball, 34D, EV 94.4 MPH)
|
Pinch Hitting: RHB Jonathan Kirsch
|
0-0: Ball 1-0: Ball 2-0: Called Strike 2-1: Foul Ball, location: 2F 2-2: Ball 3-2: DOUBLE (Line Drive, 7LM, EV 105.0 MPH) Fernando Amaya to third Fernando Amaya scores
|
Batting: LHB Stephen Van Raalte
|
0-0: Called Strike 0-1: Ball 1-1: Called Strike 1-2: Ball 2-2: Strikes out swinging
|
Batting: RHB Mario Mejia
|
0-0: Ball 1-0: Foul Ball, location: 2F 1-1: Ball 2-1: Fly out, F9 (Flyball, 89M, EV 91.2 MPH)
|
Batting: RHB Leo Cuellar
|
0-0: Ball 1-0: Swinging Strike Passed Ball! Jonathan Kirsch to third 1-1: Called Strike 1-2: Foul Ball, location: 2F 1-2: Ground out 5-3 (Groundball, 56, EV 91.9 MPH)
|
Bottom of the 9th over - 1 run, 2 hits, 0 errors, 1 left on base; Hillsboro 3 - Los Angeles (NYP) 2 |
|